 Dungeon Crawl Stone Soup version 0.29.1-12-g30fa7ad0bf (webtiles) character file.

Game seed: 6504362305445147510

7118 LustLizard the Cleaver (level 10, -2/94 HPs)
             Began as a Minotaur Monk on Jan 5, 2023.
             Was a High Priest of Cheibriados.
             Slain by a freezing wraith (6 damage)
             ... on level 9 of the Dungeon.
             The game lasted 00:22:40 (8596 turns).

LustLizard the Cleaver (Minotaur Monk)              Turns: 8596, Time: 00:22:42

Health: -2/94      AC: 18    Str: 30    XL:     10   Next: 85%
Magic:  10/10      EV:  9    Int: 21    God:    Cheibriados [*****.]
Gold:   618        SH:  6    Dex: 31    Spells: 9/9 levels left

rFire   . . .      SeeInvis +   M - +2 hand axe (vorpal)
rCold   . . .      Faith    .   J - +0 buckler
rNeg    + . .      Spirit   .   i - +0 plate armour
rPois   .          Reflect  .   b - +1 hat
rElec   .          Harm     .   w - +2 cloak
rCorr   .          Rampage  .   o - +0 pair of gloves
Will    .....                   u - +2 pair of boots of the Eleven Persimmons {Dex+6}
Stlth   ..........              (no amulet)
HPRegen 0.25/turn               z - ring of positive energy
MPRegen 0.12/turn               A - ring of see invisible

@: very slow
A: horns 2, retaliatory headbutt
a: Renounce Religion, Bend Time, Temporal Distortion, Slouch, Step From Time


You were on level 9 of the Dungeon.
You worshipped Cheibriados.
Cheibriados was extremely pleased with you.
You visited 2 branches of the dungeon, and saw 10 of its levels.

You collected 618 gold pieces.

Inventory:

Hand Weapons
 E - a +0 hand axe of freezing
 H - a +0 war axe
 M - a +2 vorpal hand axe (weapon)
Missiles
 c - 12 poisoned darts
 d - 51 stones (quivered)
 n - 2 throwing nets
Armour
 b - a +1 hat (worn)
 i - a +0 plate armour (worn)
 o - a +0 pair of gloves (worn)
 u - the +2 pair of boots of the Eleven Persimmons (worn) {Dex+6}
   (You found it on level 3 of the Dungeon)

   Dex:       It affects your dexterity (+6).
 w - a +2 cloak (worn)
 J - a +0 buckler (worn)
Jewellery
 s - a ring of wizardry
 z - a ring of positive energy (left hand)
 A - a ring of see invisible (right hand)
 B - a ring of ice
 F - a ring of magical power
 K - a ring of willpower
Wands
 a - a wand of mindburst (6)
 D - a wand of charming (11)
 O - a wand of flame (14)
Scrolls
 e - 3 scrolls of identify
 f - 2 scrolls of amnesia {unknown}
 h - 2 scrolls of blinking {unknown}
 l - a scroll of silence {unknown}
 p - 3 scrolls of poison
 r - 2 scrolls of noise {unknown}
 t - 4 scrolls of fog
 v - a scroll of enchant weapon {unknown}
 y - 2 scrolls of teleportation {unknown}
 C - 2 scrolls of acquirement {unknown}
 I - a scroll of torment {unknown}
 N - a scroll of magic mapping {unknown}
 P - a scroll of enchant armour {unknown}
 Q - a scroll of fear {unknown}
 R - a scroll of immolation {unknown}
Potions
 g - 5 potions of curing
 j - 2 potions of heal wounds
 k - a potion of degeneration
 m - a potion of lignification
 q - a potion of cancellation
 x - a potion of brilliance
 G - a potion of might
 L - a potion of mutation {unknown}


   Skills:
 + Level 10.6 Fighting
 * Level 14.3 Axes
 + Level 8.2 Throwing
 - Level 3.2 Dodging
 - Level 1.5 Stealth
 + Level 1.6 Invocations


You had 9 spell levels left.
You didn't know any spells.
Your spell library contained the following spells:

 Spells                   Type           Power      Damage    Failure   Level
 Beastly Appendage        Tmut           0%         N/A       97%         1
 Necrotise                Necr           0%         1d4       97%         1
 Wereblood                Tmut           0%         N/A       99%         2
 Spider Form              Tmut/Pois      0%         N/A       100%        3
 Vampiric Draining        Necr           0%         2d6       100%        3
 Agony                    Necr           0%         N/A       100%        5


Dungeon Overview and Level Annotations

Branches:
Dungeon (9/15)             Temple (1/1) D:6
   Lair: D:8-11         Orc: D:9-12

Altars:
Ashenzari
Cheibriados
Dithmenos
Elyvilon
Fedhas
Gozag
Hepliaklqana
Kikubaaqudgha
Makhleb
Nemelex Xobeh
Okawaru
Qazlal
Ru
Sif Muna
Trog
Uskayaw
Wu Jian
Xom
Yredelemnul
Zin
The Shining One

Annotations:
D:4 Sigmund


Innate Abilities, Weirdness & Mutations

You have a pair of horns on your head.
You reflexively headbutt those who attack you in melee.


Message History

The puff of flame hits the freezing wraith but does no damage.
Unknown command.
Aiming: Throw Flame
Press: ? - help, Q - select action, (/) - cycle Shift-Dir - straight line, f/p - freezing wraith
Aim: a freezing wraith (68% to hit)
The puff of flame hits the freezing wraith but does no damage.
Unknown command.
Aiming: Throw Flame
Press: ? - help, Q - select action, (/) - cycle Shift-Dir - straight line, f/p - freezing wraith
Aim: a freezing wraith (68% to hit)
The puff of flame hits the freezing wraith but does no damage.
Unknown command.
You hit the freezing wraith but do no damage.
The freezing wraith hits you. The freezing wraith freezes you!!
The freezing wraith hits you but does no damage.
You hit the freezing wraith.
The freezing wraith is lightly damaged.
The freezing wraith hits you but does no damage. x2
You hit the freezing wraith but do no damage.
Your headbutt misses the freezing wraith.
The freezing wraith is lightly damaged.
You hit the freezing wraith.
The freezing wraith is lightly damaged.
The freezing wraith hits you but does no damage.
The freezing wraith closely misses you.
You closely miss the freezing wraith.
The freezing wraith is lightly damaged.
You hit the freezing wraith but do no damage.
The freezing wraith is lightly damaged.
The freezing wraith hits you! The freezing wraith freezes you!
* * * LOW HITPOINT WARNING * * *
The freezing wraith hits you but does no damage.
You slash the freezing wraith!
The freezing wraith is moderately damaged.
The freezing wraith hits you.
* * * LOW HITPOINT WARNING * * *
The freezing wraith freezes you!
* * * LOW HITPOINT WARNING * * *
The freezing wraith hits you.
You die...

...# #.# #....## #.# # ...
#.# #..... #.### ...
#.###...#.+ #.... ...
#.......# #.... .
#.......# #.... #.......#
##..## #.......### #...##
#.......W.# #...##
#........@## ##...##
#..........# #....##
#..........# #....##
#..........# #....##
#..........# #..[.##
#..........# #....##
#..........#########....##
...........#..#).#.....##
............))))).....##


You could see a freezing wraith.

Vanquished Creatures
  A boulder beetle (D:7)
  A freezing wraith (D:9)
  2 ice devils (D:9)
  A troll (D:7)
  A hornet (D:9)
  2 wyverns
  A wraith (D:7)
  A steam dragon (D:9)
  A water moccasin (D:7)
  4 orc warriors (D:7)
  2 black bears
  3 sky beasts (D:7)
  2 ice beasts
  8 ogres
  4 kobold brigands
  2 necrophages
  3 bullfrogs
  3 gnoll sergeants
  4 scorpions
  4 wights (D:6)
  12 howler monkeys
  9 hounds
  2 jellies
  5 orc priests
  3 gnoll boudas
  8 orc wizards
  2 iguanas
  29 gnolls
  5 adders
  2 shadow imps
  8 white imps
  4 worms
  2 dart slugs
  30 orcs
  6 endoplasms
  7 giant cockroaches
  3 goblins
  9 hobgoblins
  8 jackals
  9 kobolds
  3 quokkas
  5 ball pythons
  4 bats
  A frilled lizard (D:3)
  3 rats (D:2)
229 creatures vanquished.

Vanquished Creatures (others)
  A plant (D:7)
1 creature vanquished.

Grand Total: 230 creatures vanquished

Notes
Turn   | Place    | Note
-------+----------+-------------------------------------------
     0 | D:1      | LustLizard the Minotaur Monk began the quest for the Orb.
     0 | D:1      | Reached XP level 1. HP: 19/19 MP: 0/0
   230 | D:1      | Reached skill level 4 in Axes
   231 | D:1      | Reached XP level 2. HP: 24/27 MP: 1/1
   303 | D:1      | Found a faded altar of an unknown god.
   398 | D:1      | Reached skill level 1 in Throwing
   903 | D:2      | Reached XP level 3. HP: 31/33 MP: 2/2
  1212 | D:2      | Reached skill level 5 in Axes
  1212 | D:2      | Reached XP level 4. HP: 40/40 MP: 3/3
  1483 | D:2      | Found a shimmering altar of Xom.
  1930 | D:3      | Reached XP level 5. HP: 35/47 MP: 4/4
  2077 | D:3      | Identified the +2 pair of boots of the Eleven Persimmons
                  | {Dex+6}
  2401 | D:4      | Noticed Sigmund
  2580 | D:4      | Found a white marble altar of Elyvilon.
  2583 | D:4      | Found a glowing silver altar of Zin.
  2985 | D:4      | Noticed a black bear
  2992 | D:4      | Reached skill level 6 in Axes
  3005 | D:4      | Reached skill level 5 in Fighting
  3009 | D:4      | Killed a black bear
  3010 | D:4      | Reached XP level 6. HP: 43/56 MP: 5/5
  3722 | D:4      | Found a stormy altar of Qazlal.
  3894 | D:5      | Entered Level 5 of the Dungeon
  3899 | D:5      | Noticed an ice beast
  3922 | D:5      | Killed an ice beast
  3923 | D:5      | Reached skill level 7 in Axes
  3975 | D:5      | Reached XP level 7. HP: 59/62 MP: 6/6
  4342 | D:5      | Found an iron altar of Okawaru.
  4421 | D:5      | Reached skill level 8 in Axes
  4749 | D:6      | Reached XP level 8. HP: 42/69 MP: 7/7
  4755 | D:6      | Reached skill level 9 in Axes
  5174 | D:6      | Found a staircase to the Ecumenical Temple.
  5181 | Temple   | Entered the Ecumenical Temple
  5185 | Temple   | Became a worshipper of Cheibriados the Contemplative
  5185 | Temple   | Reached * piety under Cheibriados
  5185 | Temple   | Reached ** piety under Cheibriados
  5404 | D:7      | Reached skill level 5 in Throwing
  5448 | D:7      | Reached skill level 10 in Axes
  5557 | D:7      | Reached XP level 9. HP: 78/81 MP: 8/8
  5805 | D:7      | Reached skill level 11 in Axes
  5835 | D:7      | Reached *** piety under Cheibriados
  5968 | D:7      | Noticed a troll
  5977 | D:7      | Reached skill level 12 in Axes
  5996 | D:7      | Killed a troll
  6268 | D:7      | Reached XP level 10. HP: 73/91 MP: 9/9
  6300 | D:7      | Reached **** piety under Cheibriados
  6452 | D:7      | Noticed a boulder beetle
  6467 | D:7      | Killed a boulder beetle
  6468 | D:7      | Reached skill level 13 in Axes
  7047 | D:7      | Reached skill level 10 in Fighting
  7693 | D:8      | Reached ***** piety under Cheibriados
  8308 | D:9      | Reached skill level 14 in Axes
  8406 | D:9      | Reached skill level 1 in Invocations
  8596 | D:9      | HP: 4/94 [freezing wraith (12)]
  8596 | D:9      | Slain by a freezing wraith

Illustrated notes

Levels and vault maps discovered:
D:1:      dpeg_arrival_rooms_b, layout_loops_cross,
          chequers_ecumenical_altar_grove, minmay_misc_feat_columns
D:2:      layout_loops_ring, basic_altar
D:3:      layout_rooms
D:4:      dreamdust_elfheim, layout_loops_ring,
          mainiacjoe_overflow_catch_the_wave, nicolae_qazlal_eye_of_the_storm,
          serial_glass, glass_columns_c, glass_columns_b, due_unseen_surprise,
          minmay_misc_feat_hallway, uniq_sigmund
D:5:      layout_rooms, okawaru_gym_becter
D:6:      layout_basic, temple_statues
D:7:      lemuel_castle_with_subvaults [lemuel_castle_interior_original],
          layout_basic
D:8:      layout_basic
D:9:      layout_long_grid, mainiacjoe_overflow_concentric_impassable,
          serial_shops, nicolae_shop_stone, minivault_19,
          hellmonk_guarded_unrand_frostbite
Temple:   sentei_temple_godly_chess

Skill      XL: |  1  2  3  4  5  6  7  8  9 10 |
---------------+-------------------------------+-----
Axes           | 4 5 6 7 8 10 12 14 | 14.3
Throwing       | 1 2 3 4 5 7 8 |  8.2
Fighting       | 4 5 6 7 9 10 | 10.6
Invocations    | 1 |  1.6
Dodging        | |  3.2
Stealth        | |  1.5

Action                   |  1- 3 |  4- 6 |  7- 9 | 10-12 || total
-------------------------+-------+-------+-------+-------++-------
Melee: Hand axe          |    72 |   177 |   306 |   164 ||   719
       Headbutt          |    10 |    32 |    79 |    36 ||   157
       Punch             |     1 |     1 |     5 |       ||     7
Throw: Stone             |     2 |       |    37 |     4 ||    43
       Dart              |       |       |     5 |     3 ||     8
       Throwing net      |       |       |     1 |       ||     1
Evoke: Wand              |       |       |     2 |     3 ||     5
  Use: Potion            |       |     4 |     4 |     1 ||     9
       Scroll            |       |     3 |     1 |     6 ||    10
 Stab: Sleeping          |     1 |       |       |       ||     1
       Held in net/web   |       |       |     3 |       ||     3
Armor: Robe              |     8 |       |       |       ||     8
       Plate armour      |    25 |   111 |   198 |    78 ||   412
Dodge: Dodged            |    37 |    50 |   107 |    40 ||   234
Block: Buckler           |       |       |       |    26 ||    26
